Map: Blackburn LE

Players

KillJoySC

  • Race: Zerg Zerg
  • League: Master
  • Spawn Location: 7:00

Warthog - Winner!

  • Race: Terran Terran
  • League: Master
  • Spawn Location: 5:00

VOD

Have the link to the VOD?

Description

Time

  • Played on: Dec. 15, 2021, 6:46 p.m.
  • Length: 12:09
Show
View Real Time Build Order
Export as new Build Order

KillJoySC Zerg 

Build Orders: Hatch First 

Get SALT Encoding   

  12  0:00  Drone  
  13  0:13  Overlord  
  13  0:17  Drone  
  14  0:31  Drone x2  
  16  0:49  Hatchery  
  15  0:53  Drone  
  15  0:55  Drone  
  17  0:59  Drone  
  18  1:13  Spawning Pool  
  18  1:16  Extractor  
  18  1:18  Drone  
  17  1:21  Drone  
  18  1:28  Drone  
  19  1:39  Overlord  
  19  1:50  Drone  
  20  1:59  Queen  
  20  2:01  Queen  
  22  2:02  Zergling x4  
  26  2:12  Drone x2  
  28  2:27  Hatchery  
  27  2:34  Spore Crawler  
  27  2:35  Drone x2  
  29  2:46  Metabolic Boost  
  29  2:48  Drone x2  
  29  2:49  Overlord  
  31  2:53  Drone  
  32  3:01  Drone x2  
  34  3:08  Drone x2  
  36  3:13  Drone x3  
  36  3:14  Queen  
  42  3:20  Drone  
  42  3:28  Overlord  
  42  3:30  Drone  
  43  3:36  Drone  
  44  3:42  Queen  
  44  3:43  Queen  
  44  3:45  Drone  
  44  3:46  Drone  
  44  3:47  Zergling x4  
  44  3:48  Zergling x4  
  54  3:55  Spore Crawler  
  53  4:02  Drone x5  
  58  4:05  Spore Crawler  
  57  4:17  Spore Crawler, Queen  
  58  4:24  Overlord x2  
  58  4:30  Overlord  
  58  4:35  Overlord  
  58  4:42  Queen x2  
  58  4:44  Overlord  
  62  4:52  Drone x9  
  71  5:02  Lair  
  71  5:05  Drone x6  
  77  5:14  Drone x2, Evolution Chamber  
  78  5:16  Baneling Nest  
  78  5:17  Evolution Chamber  
  71  5:26  Drone x2  
  67  5:29  Drone x2  
  67  5:35  Drone x2  
  70  5:42  Zerg Ground Armor Level 1, Zerg Melee Weapons Level 1  
  70  5:45  Extractor x2  
  70  5:47  Drone x3  
  69  5:55  Drone x2  
  71  6:06  Drone x4  
  71  6:07  Queen, Drone x3, Hatchery  
  71  6:10  Extractor  
  78  6:22  Centrifugal Hooks, Extractor  
  78  6:23  Extractor  
  78  6:24  Drone x3  
  78  6:25  Overlord x3  
  79  6:36  Hatchery  
  78  6:48  Drone x6  
  78  6:49  Zergling x2  
  78  6:50  Zergling x6  
  88  6:56  Baneling x9  
  88  6:58  Pneumatized Carapace  
  88  7:01  Zergling x6  
  91  7:11  Drone  
  91  7:14  Drone x4  
  96  7:16  Zergling x4  
  96  7:21  Overseer  
  98  7:25  Hatchery  
  98  7:29  Zergling x16  
  105  7:36  Zerg Melee Weapons Level 2, Zerg Ground Armor Level 2  
  105  7:40  Queen  
  105  7:52  Queen  
  105  7:54  Zergling x22  
  105  7:57  Baneling x9  
  104  8:24  Zergling x2  
  104  8:25  Zergling x28  
  109  8:39  Drone  
  107  8:44  Drone x9  
  116  9:01  Drone x2  
  115  9:17  Hatchery  
  111  9:36  Zergling x2  
  111  9:37  Zergling x12  
  114  9:47  Infestation Pit  
  113  9:56  Drone  
  113  9:57  Zergling x2  
  113  9:58  Spire  
  114  10:06  Zergling x6  
  114  10:07  Zergling x2  
  118  10:08  Overlord x7  
  118  10:09  Overlord  
  116  10:41  Baneling x7  
  115  10:46  Zergling x2  
  115  10:47  Zergling x18  
Show
View Real Time Build Order
Export as new Build Order

Warthog Terran - Winner!

Build Orders: Liberator Opening, Reaper Expand 

Get SALT Encoding   

  12  0:00  SCV  
  13  0:12  SCV  
  14  0:17  Supply Depot  
  14  0:24  SCV  
  15  0:39  SCV  
  15  0:40  Barracks  
  16  0:44  Refinery  
  16  0:51  SCV  
  17  1:03  SCV  
  18  1:15  SCV  
  19  1:29  Reaper, Orbital Command  
  20  1:42  Command Center  
  20  1:55  SCV  
  20  1:57  Supply Depot  
  20  2:01  Marine  
  21  2:07  SCV  
  23  2:12  Factory  
  23  2:16  Refinery  
  23  2:19  SCV  
  23  2:21  Barracks Reactor  
  24  2:31  SCV  
  25  2:43  SCV  
  25  2:55  SCV  
  25  2:57  Orbital Command, Starport  
  26  3:05  Hellion x2  
  30  3:10  SCV  
  31  3:22  SCV  
  31  3:23  Barracks Tech Lab  
  31  3:24  SCV  
  31  3:26  Hellion x2  
  37  3:35  Liberator, SCV  
  37  3:37  SCV  
  42  3:42  Supply Depot  
  42  3:43  Supply Depot  
  42  3:47  SCV  
  43  3:50  SCV  
  43  3:55  Hellion  
  46  4:04  SCV, Hellion  
  46  4:05  SCV  
  50  4:16  SCV  
  51  4:17  SCV  
  51  4:20  Command Center  
  52  4:25  Stimpack, Starport Reactor  
  52  4:26  Marine  
  52  4:28  SCV  
  52  4:29  SCV  
  57  4:32  Supply Depot  
  57  4:38  Barracks  
  55  4:40  SCV  
  55  4:42  SCV  
  55  4:43  Barracks  
  57  4:46  Factory Reactor  
  58  4:52  SCV  
  58  4:54  SCV  
  58  4:56  Engineering Bay  
  58  4:57  Engineering Bay  
  59  5:05  SCV, Refinery  
  59  5:06  Refinery  
  60  5:08  SCV, Starport Reactor  
  61  5:17  SCV  
  61  5:20  SCV  
  61  5:29  SCV  
  61  5:30  Widow Mine  
  61  5:31  Terran Infantry Armor Level 1, Terran Infantry Weapons Level 1  
  61  5:32  Marine x2  
  61  5:33  Marine  
  67  5:37  SCV  
  67  5:38  Orbital Command  
  68  5:49  Marine x2  
  67  5:50  Medivac x2, Widow Mine, Marine x2  
  75  5:58  SCV x2, Armory, Barracks x2  
  77  6:06  Orbital Command  
  77  6:10  SCV x2  
  79  6:14  Supply Depot  
  79  6:15  Supply Depot  
  79  6:16  Marine x3  
  79  6:17  Marine x2  
  84  6:20  Combat Shield  
  84  6:22  SCV  
  85  6:35  Marine x4  
  85  6:36  SCV  
  85  6:37  SCV x2  
  85  6:38  Marine  
  93  6:47  Supply Depot x2  
  93  6:51  Barracks Reactor x2  
  93  6:53  Medivac x2, Widow Mine x2  
  101  7:02  Terran Vehicle And Ship Armor Level 1  
  101  7:08  SCV x3, Marine x2  
  101  7:09  Marauder  
  101  7:10  Supply Depot  
  101  7:11  Supply Depot  
  108  7:19  Marine x2  
  108  7:20  Widow Mine x2  
  114  7:23  Medivac  
  114  7:26  Marine  
  117  7:31  Marauder, Marine x5  
  117  7:33  SCV x2  
  117  7:36  Supply Depot  
  126  7:37  Marine x2  
  126  7:42  Supply Depot  
  126  7:44  Marine  
  128  7:49  Marine x4  
  133  7:52  Terran Infantry Armor Level 2, Terran Infantry Weapons Level 2  
  133  7:57  Marine x3  
  133  7:58  SCV, Marauder  
  139  8:01  Marine  
  139  8:03  Supply Depot  
  140  8:06  Command Center, Marine x2  
  138  8:14  Marine  
  138  8:19  Marauder, Marine x2  
  141  8:27  Marine x5  
  141  8:31  Barracks  
  141  8:32  Marine  
  141  8:33  Barracks  
  147  8:34  Barracks  
  147  8:37  Marine x2  
  147  8:41  Marauder  
  145  8:43  Supply Depot  
  145  8:45  Supply Depot, Marine x2  
  149  8:48  Medivac x2, Widow Mine  
  149  8:49  Widow Mine, Marine  
  149  8:54  SCV  
  157  8:56  Refinery  
  157  8:57  Refinery  
  157  9:04  Marauder  
  157  9:05  SCV x2  
  157  9:06  Marine  
  157  9:07  Supply Depot x2  
  162  9:10  Widow Mine  
  162  9:15  Marine  
  162  9:16  Widow Mine  
  165  9:18  Medivac, Barracks Tech Lab  
  166  9:25  Marauder  
  166  9:29  Marine  
  166  9:30  Supply Depot  
  171  9:31  Widow Mine  
  171  9:35  Medivac  
  171  9:36  Barracks Tech Lab x2  
  171  9:37  Widow Mine, Marine  
  171  9:38  Marauder  
  178  9:43  Marine  
  179  9:46  Marauder  
  179  9:48  Marine  
  179  9:49  Marine  
  179  9:50  Terran Vehicle And Ship Armor Level 2, Marine x4  
  179  9:52  Widow Mine, Planetary Fortress  
  189  9:54  SCV x2  
  189  9:55  SCV, Marine  
  189  9:59  Marauder  
  192  10:08  Marauder  
  192  10:13  Marine  
  197  10:14  Marauder  
  197  10:20  Marauder, Marine  
  200  10:32  Factory  
  200  10:35  Starport  
  197  10:50  Marine  
  197  10:51  Marauder  
  197  10:52  Widow Mine, Marauder, Marine  
  197  10:53  Widow Mine  
  182  11:00  Marauder, Marine  
  182  11:03  Marine  
  188  11:04  Marauder  
  188  11:13  Marauder, Marine x2  
  188  11:14  Widow Mine x2  
  188  11:20  Starport Reactor  
  188  11:21  Factory Tech Lab  
  188  11:25  Marauder, Marine x2  
  188  11:38  Command Center  
  188  11:39  Command Center  
  188  11:42  Command Center  
  188  11:47  Supply Depot  
Tags
 
Add a new tag
Caveats
  • Supply blocks, unpowered buildings, or Contaminate may cause inaccurate times.
  • Supply counts are checked every 10 seconds.